[Event "*** Titled Tuesday Blitz"]
[Site "Chess.com"]
[Date "2020.05.12"]
[Round "3"]
[White "korbul"]
[Black "Boninknights"]
[Result "1-0"]
[WhiteElo "2576"]
[BlackElo "2240"]
[TimeControl "180+1"]
[EndTime "10:24:49 PDT"]
[Termination "korbul won by resignation"]

1. d4 Nf6 2. c4 c5 3. d5 b5 4. a4 bxc4 5. Nc3 d6 6. e4 g6 7. Bxc4 Ba6 8. Bb5+ Bxb5 9. axb5 Bg7 10. Nf3 O-O 11. O-O Nbd7 12. h3 Qb6 13. Ra6 Qb7 14.
Qa4 Nb6 15. Qa2 Ne8 16. Bg5 Nc7 17. Ra5 Rfe8 18. Ra1 e6 19. Rxa7 Rxa7 20. Qxa7 Qxa7 21. Rxa7 Bxc3 22. bxc3 Nca8 23. dxe6 Rxe6 24. Nd2 Kg7 25. Bd8 d5 26. exd5 Rd6 27. Bxb6 Nxb6 28. c4 Kf6 29. Ne4+ 1-0

[Event "*** Titled Tuesday Blitz"]
[Site "Chess.com"]
[Date "2020.05.12"]
[Round "3"]
[White "Hippotaner"]
[Black "FGHSMN"]
[Result "1-0"]
[WhiteElo "2348"]
[BlackElo "2514"]
[TimeControl "180+1"]
[EndTime "10:24:53 PDT"]
[Termination "Hippotaner won by resignation"]

1. e4 c5 2. Nf3 d6 3. g3 Nf6 4.
d3 Nc6 5. Bg2 g6 6. O-O Bg7 7.
a4 O-O 8. c3 e5 9. Na3 a6 10.
Nc4 Rb8 11. a5 Be6 12. Nfd2 d5 13. exd5 Bxd5 14. Bxd5 Qxd5 15. Qf3 Rbd8 16. Qxd5 Rxd5 17. Ne4 Rb8 18. Nb6 Rxd3 19. Nxc5 Rd6 20. Nc4 Rd5 21.
b4 Bf8 22. Nb6 Rd6 23. Be3 Rbd8 24. Nxb7 1-0

[Event "*** Titled Tuesday Blitz"]
[Site "Chess.com"]
[Date "2020.05.12"]
[Round "3"]
[White "viditchess"]
[Black "cassoulet"]
[Result "1-0"]
[WhiteElo "2949"]
[BlackElo "2661"]
[TimeControl "180+1"]
[EndTime "10:25:00 PDT"]
[Termination "viditchess won by resignation"]

1. d4 Nf6 2. c4 e6 3. Nc3 d5 4. cxd5 exd5 5. Bg5 Be7 6. e3 Nbd7 7. Bd3 c6 8. Qc2 Nh5 9. Bxe7 Qxe7 10. O-O-O g6 11. Nf3 Nb6 12. Kb1 Ng7 13. Rhe1 f5 14. h3 Be6 15. Na4 Nxa4 16. Qxa4 O-O 17. Ne5 Rfc8 18. f4 Ne8 19. g4 Nd6 20. Qa3 Qf8 21. Rg1 Kh8 22.
gxf5 Bxf5 23. Qxd6 Qxd6 24. Nf7+ Kg7 25. Nxd6 Bxd3+ 26. Rxd3 Rc7 27. Nf5+ Kf6 28. Ng3 Re8 29. Kc2 Rce7 30.
Kd2 1-0

[Event "*** Titled Tuesday Blitz"]
[Site "Chess.com"]
[Date "2020.05.12"]
[Round "3"]
[White "zala02"]
[Black "Gurvich_Vitaly"]
[Result "0-1"]
[WhiteElo "2244"]
[BlackElo "2562"]
[TimeControl "180+1"]
[EndTime "10:25:00 PDT"]
[Termination "Gurvich_Vitaly won by resignation"]

1. d4 d5 2. c4 dxc4 3. e4 Nc6 4. Be3 Nf6 5. Nc3 e5 6. d5 Ne7 7. Bxc4 Ng6 8. Nge2 Bd6 9. Kf1 a6 10. a4 O-O 11. h4 h6 12. g3 Ng4 13. Qd2 f5 14.
exf5 Bxf5 15. Kg2 Qf6 16. Raf1 e4 17. Bf4 N6e5 18. Nd4 Nxc4 0-1

[Event "*** Titled Tuesday Blitz"]
[Site "Chess.com"]
[Date "2020.05.12"]
[Round "3"]
[White "Rozum_Ivan"]
[Black "grunbergmihai"]
[Result "1-0"]
[WhiteElo "2607"]
[BlackElo "2396"]
[TimeControl "180+1"]
[EndTime "10:25:01 PDT"]
[Termination "Rozum_Ivan won by resignation"]

1. d4 f5 2. Nf3 Nf6 3. g3 e6 4.
Bg2 d5 5. O-O c6 6. c4 Nbd7 7.
b3 b6 8. Qc2 a5 9. Nc3 Bd6 10.
Ne1 O-O 11. Nd3 Bb7 12. Bf4 Qe7 13. Bxd6 Qxd6 14. Rfd1 Ne4 15. e3 Rac8 16. Ne2 c5 17. dxc5 bxc5 18. cxd5 exd5 19. Ndf4 Ndf6 20. Nc3 Nxc3 21.
Qxc3 a4 22. Rac1 axb3 23. Qxb3 Rfd8 24. Qxb7 1-0

[Event "*** Titled Tuesday Blitz"]
[Site "Chess.com"]
[Date "2020.05.12"]
[Round "3"]
[White "ChessTraining77"]
[Black "Camels1981"]
[Result "1-0"]
[WhiteElo "2526"]
[BlackElo "2305"]
[TimeControl "180+1"]
[EndTime "10:25:02 PDT"]
[Termination "ChessTraining77 won by resignation"]

1. e4 c5 2. Nf3 d6 3. Bb5+ Bd7 4. Bxd7+ Qxd7 5. c4 g6 6. Nc3 Bg7 7. d4 cxd4 8. Nxd4 Nc6 9. Be3 Nf6 10. f3 O-O 11.
O-O Rac8 12. b3 Rfd8 13. Qd2 a6 14. a4 Qc7 15. Rab1 Qb8 16. Rfd1 e6 17. Nde2 Ne5 18.
Bg5 h6 19. Bxh6 Bxh6 20. Qxh6 b5 21. axb5 axb5 22. cxb5 d5 23. exd5 exd5 24. Qf4 Nh5 25. Qd4 Ng7 26. Nxd5 Nf5 27. Qe4 Qxb5 28. Qxe5 Qc5+ 29.
Kh1 1-0

[Event "*** Titled Tuesday Blitz"]
[Site "Chess.com"]
[Date "2020.05.12"]
[Round "3"]
[White "Shushik"]
[Black "calin_dragomirescu"]
[Result "1/2-1/2"]
[WhiteElo "2081"]
[BlackElo "2315"]
[TimeControl "180+1"]
[EndTime "10:25:04 PDT"]
[Termination "Game drawn by repetition"]

1. e4 g6 2. d4 Bg7 3. Nc3 d6 4.
f4 Nf6 5. Nf3 O-O 6. Be2 c5 7. e5 Nfd7 8. Be3 cxd4 9. Bxd4 Nc6 10. exd6 Nxd4 11. Nxd4 exd6 12. Nb3 Qb6 13. Nd5 Qd8 14.
c3 Nb6 15. O-O Nxd5 16. Qxd5 Qb6+ 17. Kh1 Be6 18. Qd2 Bxb3 19. axb3 Qxb3 20. Bf3 Qb6 21.
Bd5 a6 22. Rfe1 Rae8 23. Bxf7+ Kxf7 24. Qd5+ Kf6 25. Qg5+ Kf7 26. Qd5+ Kf6 27. Qg5+ Kf7 28. Qd5+ 1/2-1/2

[Event "*** Titled Tuesday Blitz"]
[Site "Chess.com"]
[Date "2020.05.12"]
[Round "3"]
[White "RATNAKARAN"]
[Black "Bacyanide"]
[Result "0-1"]
[WhiteElo "2570"]
[BlackElo "2407"]
[TimeControl "180+1"]
[EndTime "10:25:05 PDT"]
[Termination "Bacyanide won by resignation"]

1. e4 e5 2. d4 exd4 3. Qxd4 Nc6 4. Qc4 Nf6 5. Nc3 Bb4 6. Bd2 O-O 7. O-O-O Re8 8. f3 d6 9. g4 Be6 10. Nd5 Bxd2+ 11. Rxd2 Bxd5 12. exd5 Re1+ 13. Rd1 Ne5 14. Qd4 Rxd1+ 15. Qxd1 c6 16. dxc6 bxc6 17. h3 Nd5 18.
Qd2 Rb8 19. f4 Qb6 20. fxe5 Qxb2+ 21. Kd1 Qxe5 22. Qc1 Nc3+ 23. Kd2 Rb1 24. Ne2 0-1

[Event "*** Titled Tuesday Blitz"]
[Site "Chess.com"]
[Date "2020.05.12"]
[Round "3"]
[White "2nd_life"]
[Black "cukin84"]
[Result "1-0"]
[WhiteElo "2409"]
[BlackElo "2112"]
[TimeControl "180+1"]
[EndTime "10:25:06 PDT"]
[Termination "2nd_life won by resignation"]

1. e4 c6 2. d4 d5 3. e5 c5 4. dxc5 e6 5. Nf3 Bxc5 6. Bd3 Nc6 7. O-O Nge7 8. a3 Ng6 9. b4 Bb6 10. Bb2 Bc7 11. Re1 a6 12. Nbd2 O-O 13. g3 b5 14. Nb3 f6 15. Bxg6 hxg6 16. Qd3 g5 17. exf6 g4 18. Ng5 Rxf6 19. Qh7+ Kf8 20. Qh8+ Ke7 21.
Qxg7+ Kd6 22. Bxf6 1-0

[Event "*** Titled Tuesday Blitz"]
[Site "Chess.com"]
[Date "2020.05.12"]
[Round "3"]
[White "WonderChampion"]
[Black "RamonManon0g"]
[Result "1-0"]
[WhiteElo "1876"]
[BlackElo "2224"]
[TimeControl "180+1"]
[EndTime "10:25:07 PDT"]
[Termination "WonderChampion won by resignation"]

1. e4 c5 2. Nf3 d6 3. Bb5+ Bd7 4.
Bxd7+ Qxd7 5. c4 Nc6 6. Nc3 Nf6 7. O-O e5 8. d3 Be7 9. Bg5 O-O 10. Re1 h6 11.
Bxf6 Bxf6 12. Nd5 Bd8 13. Qd2 Nd4 14. Nxd4 cxd4 15. Rac1 f5 16. f3 Bg5 17. Qe2 Bxc1 18.
Rxc1 fxe4 19. fxe4 Rf7 20. Qh5 Raf8 21. h3 Rf2 22. Rb1 Qf7 23. Qd1 Qg6 24. Ne7+ Kh7 25.
Nxg6 Kxg6 26. Qg4+ Kh7 27. Qd7 R8f6 28. a3 Rd2 29. Qg4 Rff2 30. b4 g6 31. Rf1 h5 32.
Qd7+ 1-0

[Event "*** Titled Tuesday Blitz"]
[Site "Chess.com"]
[Date "2020.05.12"]
[Round "3"]
[White "SPEEDSKATER"]
[Black "DanielRensch"]
[Result "1-0"]
[WhiteElo "2765"]
[BlackElo "2494"]
[TimeControl "180+1"]
[EndTime "10:25:09 PDT"]
[Termination "SPEEDSKATER won by resignation"]

1. d4 Nf6 2. c4 e6 3. Nf3 c5 4. d5 b5 5. Bg5 b4 6. e4 d6 7. Nbd2 Be7 8. Bf4 O-O 9. Bd3 e5 10. Bg3 Nh5 11. a3 a5 12. O-O Na6 13. Nxe5 Nxg3 14. Nc6 Qe8 15. hxg3 Bf6 16. e5 Bxe5 17. Re1 Bd7 18. Nxe5 dxe5 19. f4 f6 20. fxe5 fxe5 21.
Nf3 Bg4 22. Bxh7+ Kh8 23. Be4 Rd8 24. Kf2 Bxf3 25. gxf3 Rf6 26. Rh1+ Kg8 27. axb4 cxb4 28. Rxa5 Qe7 29. d6 Rdxd6 30. Bd5+ Rf7 31. Bxf7+ Kxf7 32. Rd5 1-0

[Event "*** Titled Tuesday Blitz"]
[Site "Chess.com"]
[Date "2020.05.12"]
[Round "3"]
[White "dbrankovic68"]
[Black "Lawliet64"]
[Result "1-0"]
[WhiteElo "2409"]
[BlackElo "2162"]
[TimeControl "180+1"]
[EndTime "10:25:09 PDT"]
[Termination "dbrankovic68 won by resignation"]

1. e4 e6 2. d3 c5 3. Nd2 d5 4.
Ngf3 Nc6 5. g3 Be7 6. Bg2 Nf6 7. O-O O-O 8. Re1 Rb8 9. h4 dxe4 10. dxe4 b6 11.
e5 Nd5 12. c3 Bb7 13. Qa4 Qc7 14. Qg4 Rfd8 15. h5 Bf8 16. Nc4 b5 17. Ncd2 a5 18. Ne4 c4 19. Nf6+ Kh8 20. Nxd5 Rxd5 21. h6 Nxe5 22. Nxe5 Rxe5 23. Bf4 Rxe1+ 24. Rxe1 Qc8 25. Be5 f6 26. Bxb8 Qxb8 27. Qxe6 Bxg2 28. Kxg2 1-0

[Event "*** Titled Tuesday Blitz"]
[Site "Chess.com"]
[Date "2020.05.12"]
[Round "3"]
[White "Sergey85Rodchenkov"]
[Black "Shivagami"]
[Result "1-0"]
[WhiteElo "2498"]
[BlackElo "2210"]
[TimeControl "180+1"]
[EndTime "10:25:12 PDT"]
[Termination "Sergey85Rodchenkov won by resignation"]

1. e4 c5 2. Nf3 d6 3. d4 cxd4 4. Nxd4 Nf6 5. Nc3 a6 6. Be2 e5 7. Nb3 Be6 8. O-O Be7 9. Kh1 O-O 10. f4 Qc7 11. f5 Bc4 12. g4 Nbd7 13. g5 Ne8 14. Bxc4 Qxc4 15. Be3 f6 16. g6 b5 17.
Qh5 h6 18. Bxh6 gxh6 19. Qxh6 Rf7 20. gxf7+ Qxf7 21. Rg1+ Ng7 22. Nd5 Bf8 23. Rg6 1-0

[Event "*** Titled Tuesday Blitz"]
[Site "Chess.com"]
[Date "2020.05.12"]
[Round "3"]
[White "gvanna"]
[Black "peixe64"]
[Result "1-0"]
[WhiteElo "2480"]
[BlackElo "2176"]
[TimeControl "180+1"]
[EndTime "10:25:16 PDT"]
[Termination "gvanna won by resignation"]

1. e4 e5 2. Nf3 Nc6 3. Bb5 a6 4. Ba4 Nf6 5. O-O Be7 6. Re1 b5 7. Bb3 O-O 8. a4 Bb7 9. d3 d6 10. Bg5 b4 11. a5 h6 12. Bh4 Nb8 13. Nbd2 Nbd7 14. h3 Nc5 15. Bc4 Nh5 16. Bxe7 Qxe7 17.
g3 Bc8 18. Kh2 Nf6 19. Nf1 Qd7 20. Ng1 c6 21. Ne3 d5 22. exd5 cxd5 23. Ba2 Bb7 24. d4 exd4 25. Qxd4 Ne6 26. Qh4 d4 27. Nf5 Qc6 28.
Ne7+ Kh8 29. Nxc6 1-0

[Event "*** Titled Tuesday Blitz"]
[Site "Chess.com"]
[Date "2020.05.12"]
[Round "3"]
[White "Baronessa08"]
[Black "harkerchess"]
[Result "1-0"]
[WhiteElo "2466"]
[BlackElo "1985"]
[TimeControl "180+1"]
[EndTime "10:25:17 PDT"]
[Termination "Baronessa08 won by resignation"]

1. c4 e5 2. g3 Nc6 3. Bg2 g6 4. Nc3 Bg7 5. Nf3 d6 6. O-O f5 7.
d3 Nf6 8. e4 O-O 9. exf5 Bxf5 10. d4 e4 11. Nh4 Bg4 12. f3 exf3 13. Bxf3 Bxf3 14. Nxf3 Ng4 15. Bf4 Bh6 16. Bxh6 Nxh6 17. d5 Ne7 18. Nd4 Rxf1+ 19. Qxf1 Nhf5 20. Ne6 Qd7 21. Ne4 Kh8 22. g4 c6 23. gxf5 gxf5 24. Nf6 Qc8 25.
Qh3 1-0

[Event "*** Titled Tuesday Blitz"]
[Site "Chess.com"]
[Date "2020.05.12"]
[Round "3"]
[White "IriBu"]
[Black "vizumatv4hoda"]
[Result "1-0"]
[WhiteElo "2544"]
[BlackElo "2725"]
[TimeControl "180+1"]
[EndTime "10:25:22 PDT"]
[Termination "IriBu won by resignation"]

1. e4 c5 2. Nf3 g6 3. d4 Bg7 4. dxc5 Qa5+ 5. c3 Qxc5 6. Be3 Qc7 7. Na3 Nf6 8. Bd3 O-O 9. O-O d5 10. e5 Ng4 11. Nb5 Qd8 12. Bf4 a6 13. Nbd4 Nc6 14.
Re1 Qb6 15. h3 Nh6 16. Qd2 Nf5 17. Nxc6 bxc6 18. g4 f6 19. gxf5 fxe5 20. Bxe5 Bxf5 21. Bxg7 Kxg7 22. Rxe7+ Rf7 23. Rxf7+ Kxf7 24. Ne5+ Ke6 25. Re1 Kd6 26. Qf4 1-0

[Event "*** Titled Tuesday Blitz"]
[Site "Chess.com"]
[Date "2020.05.12"]
[Round "3"]
[White "Fighter008"]
[Black "BogdanDeac"]
[Result "0-1"]
[WhiteElo "2532"]
[BlackElo "2920"]
[TimeControl "180+1"]
[EndTime "10:25:24 PDT"]
[Termination "BogdanDeac won by resignation"]

1. e4 e6 2. d4 d5 3. Nc3 a6 4. Nf3 Nf6 5. Bd3 c5 6. exd5 exd5 7. O-O c4 8. Be2 Be7 9. b3 b5 10. Bf4 O-O 11. bxc4 dxc4 12. d5 Bb4 13. Qd4 Bxc3 14. Qxc3 Nxd5 15. Qd4 Nc6 16. Qd2 Nxf4 17. Qxf4 Re8 18.
Rfe1 Qf6 19. Qxf6 gxf6 20. a4 Bf5 21. c3 Rad8 22. axb5 axb5 23. h3 Be4 24. Nh2 Ne5 25. f4 Nd7 26. Ng4 Kg7 27. Nf2 Nc5 28. Kf1 Bc6 29. Red1 Rxd1+ 30. Rxd1 Bxg2+ 31. Kxg2 Rxe2 32. Kf1 Re3 33. Rd5 Nd3 34. Rxb5 Rf3 0-1

[Event "*** Titled Tuesday Blitz"]
[Site "Chess.com"]
[Date "2020.05.12"]
[Round "3"]
[White "VitaliyBernadskiy"]
[Black "FranciscodelaF"]
[Result "0-1"]
[WhiteElo "2717"]
[BlackElo "2356"]
[TimeControl "180+1"]
[EndTime "10:25:24 PDT"]
[Termination "FranciscodelaF won by resignation"]

1. e4 e6 2. d4 d5 3. Nc3 Bb4 4. e5 b6 5. a3 Bxc3+ 6. bxc3 Qd7 7. h4 c5 8. h5 h6 9. Qg4 Kf8 10. Rh3 Ne7 11. Rf3 Nf5 12. Qf4 Qe8 13. g4 Ne7 14.
a4 Ba6 15. Ba3 Bxf1 16. Kxf1 Nd7 17. Ne2 Kg8 18. Kg2 Rc8 19. Rh1 Nf8 20. Rhh3 Nh7 21. Rhg3 Ng5 22. Rd3 Qxa4 23. Bc1 Qxc2 24. Rge3 a5 25.
Rd2 Qa4 26. Rb2 Qc6 27. Qh2 a4 28. Ra2 b5 29. dxc5 d4+ 0-1

[Event "*** Titled Tuesday Blitz"]
[Site "Chess.com"]
[Date "2020.05.12"]
[Round "3"]
[White "Mitronych"]
[Black "wadsy27"]
[Result "1-0"]
[WhiteElo "2298"]
[BlackElo "2496"]
[TimeControl "180+1"]
[EndTime "10:25:26 PDT"]
[Termination "Mitronych won by resignation"]

1. e4 c5 2. Nf3 e6 3. d4 cxd4 4. Nxd4 Nc6 5. Nc3 Qc7 6. Be3 a6 7. Qd2 Nf6 8. f4 b5 9. Bd3 Be7 10. O-O Bb7 11. Kh1 b4 12. Nce2 Nxd4 13. Bxd4 O-O 14.
Ng3 d5 15. e5 Ne4 16. Bxe4 dxe4 17. c3 bxc3 18. bxc3 Bh4 19. Nh5 Rfd8 20. Qe3 Qc6 21. Rab1 Rac8 22. Rb6 Qd5 23. f5 exf5 24. Rxf5 Qxd4 25.
cxd4 Rc1+ 26. Qxc1 1-0

[Event "*** Titled Tuesday Blitz"]
[Site "Chess.com"]
[Date "2020.05.12"]
[Round "3"]
[White "Philos_85"]
[Black "yamalchess"]
[Result "0-1"]
[WhiteElo "2238"]
[BlackElo "2510"]
[TimeControl "180+1"]
[EndTime "10:25:28 PDT"]
[Termination "yamalchess won by resignation"]

1. d4 Nf6 2. Nf3 c5 3. d5 b5 4. Bg5 Ne4 5. Bf4 d6 6. Nfd2 Nf6 7. e4 g6 8. Bxb5+ Nbd7 9. Nc3 Bg7 10. O-O O-O 11.
h3 Rb8 12. Rb1 Nh5 13. Bh2 Bxc3 14. bxc3 Qa5 15. Rb3 Rxb5 16. Nc4 Qa6 0-1

[Event "*** Titled Tuesday Blitz"]
[Site "Chess.com"]
[Date "2020.05.12"]
[Round "3"]
[White "StephenDedalus83"]
[Black "Oglob71"]
[Result "1-0"]
[WhiteElo "2724"]
[BlackElo "2505"]
[TimeControl "180+1"]
[EndTime "10:25:29 PDT"]
[Termination "StephenDedalus83 won by resignation"]

1. e4 c5 2. Nf3 e6 3. d4 cxd4 4. Nxd4 a6 5. Nc3 Qc7 6. g3 Nf6 7. Bg2 d6 8. O-O Bd7 9. a4 Nc6 10. Nb3 Be7 11. a5 Ne5 12. f4 Nc4 13. Kh1 O-O 14. g4 Be8 15. g5 Nd7 16. f5 Bd8 17.
Nd4 e5 18. Nd5 Qb8 19. Nb3 Nc5 20. Nxc5 dxc5 21. Qh5 Qd6 22. f6 Bc6 23. fxg7 Kxg7 24. Nf6 Bxf6 25. gxf6+ Kh8 26. Bh6 Qe6 27. Bg7+ Kg8 28.
Qg5 1-0

[Event "*** Titled Tuesday Blitz"]
[Site "Chess.com"]
[Date "2020.05.12"]
[Round "3"]
[White "ChelsieMonica"]
[Black "KerryStead"]
[Result "1-0"]
[WhiteElo "2339"]
[BlackElo "2107"]
[TimeControl "180+1"]
[EndTime "10:25:29 PDT"]
[Termination "ChelsieMonica won on time"]

1. c4 c5 2. Nf3 Nc6 3. d4 d6 4. d5 Nd4 5. Nxd4 cxd4 6. Qxd4 Nf6 7. e4 g6 8. Nc3 Bg7 9. Bg5 O-O 10. Qd2 a6 11.
Be2 Bd7 12. h4 h6 13. Bxh6 Rb8 14. Bxg7 Kxg7 15. h5 Rh8 16. O-O-O b5 17. hxg6 fxg6 18.
Rxh8 Qxh8 19. Qd4 bxc4 20. f4 1-0

[Event "*** Titled Tuesday Blitz"]
[Site "Chess.com"]
[Date "2020.05.12"]
[Round "3"]
[White "gui_borba"]
[Black "Kildepiotr"]
[Result "0-1"]
[WhiteElo "2334"]
[BlackElo "2531"]
[TimeControl "180+1"]
[EndTime "10:25:30 PDT"]
[Termination "Kildepiotr won by resignation"]

1. d4 c5 2. d5 e5 3. Nc3 d6 4. e4 Be7 5. Nf3 Bg4 6. Be2 Bxf3 7. Bxf3 Bg5 8. Be2 Bxc1 9. Qxc1 Ne7 10. O-O O-O 11. a4 Nd7 12. Qe3 f5 13. exf5 Nxf5 14. Qh3 Nd4 15. Bg4 Nf6 16. Be6+ Kh8 17. Rac1 Qe8 18.
Rfe1 Qg6 19. Qg3 Qxg3 20. hxg3 Rae8 21. Nb5 Nxe6 22. dxe6 Rxe6 23. Nxa7 Ra8 24. Nb5 Rxa4 25. Ra1 Rxa1 26. Rxa1 h5 27. Ra8+ Kh7 28. Rb8 d5 29. Rxb7 e4 30. Rc7 d4 31. Rxc5 d3 32. cxd3 exd3 33.
Rc1 d2 0-1

[Event "*** Titled Tuesday Blitz"]
[Site "Chess.com"]
[Date "2020.05.12"]
[Round "3"]
[White "Kislov_Oleg"]
[Black "AGW2016"]
[Result "1-0"]
[WhiteElo "2343"]
[BlackElo "2119"]
[TimeControl "180+1"]
[EndTime "10:25:30 PDT"]
[Termination "Kislov_Oleg won by resignation"]

1. d4 Nf6 2. Nc3 d5 3. Bg5 e6 4. e4 dxe4 5. Nxe4 Be7 6. Bxf6 Bxf6 7. Nf3 O-O 8. Qd2 b6 9. O-O-O Bb7 10. Bd3 Nd7 11. Qf4 g6 12. h4 h5 13. Nxf6+ Nxf6 14. Ne5 Kg7 15. Rhg1 Nd5 16. Qd2 Qxh4 17.
g4 hxg4 18. Rh1 Qf6 19. Qh6+ 1-0

[Event "*** Titled Tuesday Blitz"]
[Site "Chess.com"]
[Date "2020.05.12"]
[Round "3"]
[White "kinga2008"]
[Black "MightyGMpretender"]
[Result "0-1"]
[WhiteElo "2215"]
[BlackElo "2575"]
[TimeControl "180+1"]
[EndTime "10:25:32 PDT"]
[Termination "MightyGMpretender won by checkmate"]

1. e4 c5 2. Nf3 d6 3. c3 Nf6 4. Bd3 e5 5. Bc2 Be7 6. O-O O-O 7. d3 Nc6 8. Nbd2 Re8 9. Re1 Bf8 10. Nf1 g6 11.
Bg5 Bg7 12. h3 h6 13. Be3 b6 14. Qd2 Kh7 15. Ng3 d5 16. exd5 Nxd5 17. Ne4 Nxe3 18.
Qxe3 Be6 19. Bb3 Qd7 20. Rad1 Rad8 21. Nh2 Bxb3 22. axb3 f5 23. Nd2 Qxd3 24. Qxd3 Rxd3 25. Nc4 Red8 26. Rxd3 Rxd3 27. Nf3 e4 28. Nfd2 b5 29.
Re3 bxc4 30. Nxc4 Rxe3 31. fxe3 Ne5 32. Nxe5 Bxe5 33. Kf2 Kg7 34. Ke2 Kf6 35. Kd2 Ke6 36. Kc2 Kd5 37. c4+ Kc6 38. Kd2 Kb6 39. g4 fxg4 40. hxg4 h5 41. gxh5 gxh5 42. Ke2 Ka5 43. Kf2 Kb4 44. Kg2 Kxb3 45. Kh3 Kxc4 46. Kh4 Bxb2 47.
Kxh5 Kd3 48. Kg5 Bc1 49. Kf5 c4 50. Ke5 a5 51. Kd5 a4 52. Ke5 a3 53. Kd5 a2 54.
Ke5 a1=Q+ 55. Kd5 c3 56. Ke5 Bd2 57. Kd5 Bxe3 58. Ke5 Bd4+ 59. Kd5 e3 60. Ke6 e2 61. Kd6 c2 62. Ke6 e1=Q+ 63. Kd6 c1=Q 64. Kd7 Qab1 65. Kd6 Qbc2 66. Kd7 Q2d1 67. Kd6 Qc5+ 68. Kd7 Qee7# 0-1

[Event "*** Titled Tuesday Blitz"]
[Site "Chess.com"]
[Date "2020.05.12"]
[Round "3"]
[White "Benjoneliere44"]
[Black "floplover"]
[Result "1-0"]
[WhiteElo "2550"]
[BlackElo "2241"]
[TimeControl "180+1"]
[EndTime "10:25:32 PDT"]
[Termination "Benjoneliere44 won by resignation"]

1. Nf3 Nf6 2. d4 e6 3. c4 d5 4.
Nc3 Bb4 5. Bg5 dxc4 6. e4 c5 7. a3 Bxc3+ 8. bxc3 Qa5 9. e5 Nd5 10. Bd2 cxd4 11. Nxd4 Nxc3 12. Qh5 g6 13. Qg5 Nd7 14. f4 h6 15. Qg3 Nc5 16. Qxc3 Qd8 17. Bxc4 O-O 18.
O-O b5 19. Bxb5 Ne4 20. Qe3 Bb7 21. Bb4 1-0

[Event "*** Titled Tuesday Blitz"]
[Site "Chess.com"]
[Date "2020.05.12"]
[Round "3"]
[White "DrVitman"]
[Black "Steven_Rojas"]
[Result "1-0"]
[WhiteElo "2546"]
[BlackElo "2352"]
[TimeControl "180+1"]
[EndTime "10:25:37 PDT"]
[Termination "DrVitman won by resignation"]

1. e4 e6 2. b3 d5 3. Bb2 Nf6 4. e5 Nfd7 5. f4 c5 6. Nf3 Nc6 7. c3 Be7 8. Na3 O-O 9. Nc2 f5 10. d4 b6 11. a3 a5 12. Ne3 Bb7 13. Bd3 a4 14. b4 c4 15. Bc2 b5 16. Qe2 Rf7 17.
O-O-O Nf8 18. Rdg1 Ng6 19. g3 Na7 20. h4 h5 21. Ng5 Nf8 22. Nxf7 Kxf7 23. Qxh5+ g6 24. Qf3 1-0

[Event "*** Titled Tuesday Blitz"]
[Site "Chess.com"]
[Date "2020.05.12"]
[Round "3"]
[White "BlackWidow515"]
[Black "zubridis"]
[Result "0-1"]
[WhiteElo "2135"]
[BlackElo "2474"]
[TimeControl "180+1"]
[EndTime "10:25:37 PDT"]
[Termination "zubridis won by resignation"]

1. Nf3 Nf6 2. g3 d5 3. d4 c6 4.
Bg2 Bf5 5. O-O e6 6. Nbd2 Nbd7 7. c4 h6 8. b3 Be7 9. Bb2 O-O 10.
Re1 Ne4 11. Rc1 Qa5 12. a4 Bb4 13. Rc2 Nxd2 14. Rxd2 Be4 15. Bc1 dxc4 16. bxc4 Nb6 17. Rf1 Bxd2 18. Bxd2 Qxa4 19. Qxa4 Nxa4 20. c5 Rfd8 21.
e3 Nxc5 0-1

[Event "*** Titled Tuesday Blitz"]
[Site "Chess.com"]
[Date "2020.05.12"]
[Round "3"]
[White "julinha97"]
[Black "TengisChess"]
[Result "0-1"]
[WhiteElo "2181"]
[BlackElo "2484"]
[TimeControl "180+1"]
[EndTime "10:25:40 PDT"]
[Termination "TengisChess won by resignation"]

1. e4 c6 2. d4 d5 3. e5 Bf5 4. h4 h5 5. Bd3 Bxd3 6. Qxd3 e6 7. Bg5 Qb6 8. Nd2 Qa6 9. c4 Bb4 10. b3 Nd7 11. Nf3 Ne7 12. O-O Nf5 13. a3 Bxd2 14. Bxd2 Nb6 15. Rfc1 Rd8 16. Bg5 Rd7 17. a4 O-O 18. a5 dxc4 19. bxc4 Nd5 20. Qe4 Nde7 21. Bxe7 Nxe7 22. Ng5 Nf5 23. d5 cxd5 24. cxd5 Rxd5 25. f3 Rd4 26. Qc2 Rxh4 27. Kf2 Qb5 28. g3 Rh2+ 0-1

[Event "*** Titled Tuesday Blitz"]
[Site "Chess.com"]
[Date "2020.05.12"]
[Round "3"]
[White "hedgehog280"]
[Black "Ati1517"]
[Result "1-0"]
[WhiteElo "2616"]
[BlackElo "2288"]
[TimeControl "180+1"]
[EndTime "10:25:47 PDT"]
[Termination "hedgehog280 won by resignation"]

1. c4 e5 2. Nc3 Nc6 3. Nf3 Nf6 4. e4 Bc5 5. Nxe5 Nxe5 6. d4 Bxd4 7. Qxd4 d6 8. Bg5 Be6 9. f4 Nc6 10. Qd2 h6 11. Bh4 g5 12. fxg5 Nh7 13. O-O-O hxg5 14. Bg3 Qd7 15. Be2 O-O-O 16. Qc2 Nf6 17. e5 Bf5 18.
Qb3 Nh5 19. Bxh5 Rxh5 20. exd6 cxd6 21. Rxd6 Nd4 22. Qb4 Qe7 23. Qc5+ Nc6 24. Rxc6+ 1-0

[Event "*** Titled Tuesday Blitz"]
[Site "Chess.com"]
[Date "2020.05.12"]
[Round "3"]
[White "Bossche-CM"]
[Black "abeljusto"]
[Result "1-0"]
[WhiteElo "2434"]
[BlackElo "2199"]
[TimeControl "180+1"]
[EndTime "10:25:48 PDT"]
[Termination "Bossche-CM won by resignation"]

1. e4 Nf6 2. Nc3 d5 3. exd5 Nxd5 4. Nf3 Nxc3 5. bxc3 e6 6. d4 Be7 7. Bd3 O-O 8. h4 h6 9. Bf4 Nd7 10. Qd2 f5 11. g4 fxg4 12. Ne5 Nxe5 13. Bxe5 Qd5 14.
Rg1 Bxh4 15. Rxg4 Rxf2 16. Rxg7+ Kf8 17. Qxh6 Qh1+ 18. Rg1+ Ke8 19. Rxh1 1-0

[Event "*** Titled Tuesday Blitz"]
[Site "Chess.com"]
[Date "2020.05.12"]
[Round "3"]
[White "uchenic"]
[Black "KaterynaLagno"]
[Result "1/2-1/2"]
[WhiteElo "2477"]
[BlackElo "2689"]
[TimeControl "180+1"]
[EndTime "10:25:51 PDT"]
[Termination "Game drawn by repetition"]

1. d4 Nf6 2. c4 g6 3. Nc3 d5 4. Bf4 Bg7 5. e3 O-O 6. cxd5 Nxd5 7. Nxd5 Qxd5 8. Bxc7 Na6 9. Bxa6 Qxg2 10. Qf3 Qxf3 11. Nxf3 bxa6 12. Rg1 f6 13. Rc1 Bb7 14. Ke2 Rac8 15.
Rc5 Rf7 16. Rgc1 Bf8 17. d5 Bxd5 18. Rxd5 e6 19. Ra5 Rfxc7 20. Rxc7 Rxc7 21. Rxa6 Rc2+ 22. Kf1 Rxb2 23. Rxa7 g5 24. Nd4 Bc5 25. Ra8+ Kf7 26. Nb3 Bd6 27. h3 h5 28. Nd4 Bc5 29. Nb3 Be7 30.
Nd4 Bc5 31. Nb3 Be7 32. Nd4 Bc5 1/2-1/2

[Event "*** Titled Tuesday Blitz"]
[Site "Chess.com"]
[Date "2020.05.12"]
[Round "3"]
[White "Nikithebest"]
[Black "H3nriqueTV"]
[Result "0-1"]
[WhiteElo "2389"]
[BlackElo "2191"]
[TimeControl "180+1"]
[EndTime "10:25:52 PDT"]
[Termination "H3nriqueTV won by checkmate"]

1. e4 c5 2. Nf3 b6 3. d4 cxd4 4. Nxd4 Bb7 5. Nc3 a6 6. f3 e6 7. Be3 Qc7 8. Qd2 Nf6 9. O-O-O Bb4 10.
g4 Nc6 11. Nde2 Ne5 12. Nd4 d6 13. g5 Nfd7 14. f4 Ng4 15. Rg1 Nxe3 16. Qxe3 Rc8 17. Nde2 Nc5 18. Bg2 Na4 19. Rd3 Nc5 20. Rd2 b5 21.
Kb1 Na4 22. Rd3 Bc5 23. Nd4 e5 24. fxe5 dxe5 25. Nd5 Bxd5 26. exd5 Bxd4 27. Rxd4 Qxc2+ 28. Ka1 Qxb2# 0-1